 Dungeon Sprint DCSS version 0.22-a0-736-gc0cf510 (webtiles) character file.

945 TheOrbIsALie the Devastator (level 7, -3/36 HPs)
             Began as a Deep Elf Wizard on July 14, 2018.
             Was an Elder of Sif Muna.
             Slain by a shadow (13 damage)
             ... in the Dungeon (Sprint III: "The Ten Rune Challenge").
             The game lasted 00:04:08 (1148 turns).

TheOrbIsALie the Devastator (Deep Elf Wizard)       Turns: 1148, Time: 00:04:08

Health: -3/36      AC:  4    Str:  4    XL:     7   Next: 89%
Magic:  15/17      EV: 13    Int: 25    God:    Sif Muna [****..]
Gold:   25         SH:  0    Dex: 13    Spells: 8/17 levels left

rFire    . . .     SeeInvis .   r - +3 quarterstaff (chaos)
rCold    . . .     Gourm    .   (shield currently unavailable)
rNeg     . . .     Faith    .   a - +0 robe
rPois    +         Spirit   .   b - +0 hat
rElec    .         Reflect  .   q - +1 cloak {rPois}
rCorr    .         Harm     .   (no gloves)
MR       .....     NoTele   +   (no boots)
Stlth    ++........             (no amulet)
HPRegen  0.12/turn              (no ring)
MPRegen  0.15/turn              (no ring)

@: no status effects
A: no striking features
a: Divine Energy, Channel Magic, Forget Spell, Renounce Religion


You were in the Dungeon.
You worshipped Sif Muna.
Sif Muna was greatly pleased with you.
You were not hungry.

You visited 1 branch You collected 25 gold pieces.

Inventory:

Hand Weapons
 r - a +3 quarterstaff of chaos (weapon)
Armour
 a - a +0 robe (worn)
 b - a +0 hat (worn)
 q - a +1 cloak of poison resistance (worn)
Scrolls
 c - 3 scrolls of identify
 i - a scroll of torment {unknown}
 j - a scroll of blinking
 k - 2 scrolls of remove curse
 m - a scroll of holy word {unknown}
 n - a scroll of enchant armour {unknown}
 o - a scroll of enchant weapon {unknown}
Potions
 e - a potion of curing
 f - a potion of heal wounds
 g - a potion of haste
 h - 2 potions of magic
 l - 3 potions of flight
 p - 6 potions of mutation
Comestibles
 d - 3 rations
 s - 2 chunks of flesh


   Skills:
 - Level 2.9 Dodging
 - Level 2.7 Stealth
 - Level 5.8 Spellcasting
 + Level 17.1 Conjurations
 - Level 1.1 Summonings
   Level 1.1 Translocations


You had 8 spell levels left.
You knew the following spells:

 Your Spells              Type           Power        Failure   Level  Hunger
a - Magic Dart            Conj           ####         0%          1    None
b - Conjure Flame         Conj/Fire      ######..     1%          3    #......
c - Mephitic Cloud        Conj/Pois/Air  #####...     2%          3    #......
d - Call Imp              Summ           ##......     8%          2    None

Your spell library contained the following spells:

 Spells                   Type           Power        Failure   Level  Hunger
 Apportation              Tloc           ##....       4%          1    None
 Slow                     Hex            #.......     12%         2    None
 Confuse                  Hex            #.......     22%         3    #......
 Summon Small Mammal      Summ           ##..         4%          1    None
 Blink                    Tloc           N/A          8%          2    None
 Animate Skeleton         Necr           N/A          8%          1    None
 Confusing Touch          Hex            #.....       8%          1    None
 Metabolic Englaciation   Hex/Ice        #.........   91%         5    #####..
 Petrify                  Tmut/Erth      #.......     58%         4    ###....
 Gell's Gravitas          Tloc           ##........   14%         3    #......
 Yara's Violent Unravell  Hex/Tmut       #.........   91%         5    #####..


Dungeon Overview and Level Annotations

Branches:
Dungeon (1/1)

Altars:
Dithmenos
Elyvilon
Kikubaaqudgha
Okawaru
Ru
Sif Muna
Trog
Uskayaw
Vehumet
Wu Jian
Yredelemnul
Zin
The Shining One
Beogh


Message History

Reactivating autopickup.
There is an open door, spattered with blood here.
Casting: Magic Dart (safe; 0% risk of failure)
Confirm with . or Enter, or press ? or * to list all spells.
Aiming: Magic Dart (safe; 0% risk of failure)
Press: ? - help, Shift-Dir - straight line, f - shadow
Aim: a shadow (severely damaged)
The magic dart hits the shadow.
The shadow is almost destroyed.
The shadow hits you.
* * * LOW HITPOINT WARNING * * *
Casting: Magic Dart (safe; 0% risk of failure)
Confirm with . or Enter, or press ? or * to list all spells.
Aiming: Magic Dart (safe; 0% risk of failure)
Press: ? - help, Shift-Dir - straight line, f/p - shadow
Aim: a shadow (almost destroyed)
The magic dart hits the shadow.
The shadow is almost destroyed.
The shadow hits you!
You die...

▓▓▓
##.############
####..#___#___#__#
#..#..#...#__)#†_#
#..#..###)#'###'##
##'#..#..........#
###...'.⌠........#
###...#...######@#
##....#.⌠.# #..W#
#.....#...# #...#
......#'### #...#
#.....#)).# #..%+
##....#___# +...#
▓▓▓▓▓▓▓▓▓▓ ▓▓▓▓▓


You could see a shadow.

Vanquished Creatures
  A deep elf mage (D)
  A necrophage (D)
  A water elemental (D)
  Crazy Yiuf (D)
  A jelly (D)
  A wizard (D)
  A necromancer (D)
  3 humans (D)
  A kobold demonologist (D)
  2 oozes (D)
  2 rats (D)
15 creatures vanquished.

Vanquished Creatures (others)
  2 draconian scorchers (D)
  2 yaktaurs (D)
  6 hellions (D)
  3 plants (D)
13 creatures vanquished.

Grand Total: 28 creatures vanquished

Notes
Turn   | Place    | Note
-------+----------+-------------------------------------------
     0 | D        | TheOrbIsALie the Deep Elf Wizard began the quest for the Orb.
     0 | D        | Reached XP level 1. HP: 10/10 MP: 7/7
    17 | D        | Reached skill level 5 in Spellcasting
    81 | D        | Killed a hellion
   107 | D        | Reached skill level 2 in Conjurations
   107 | D        | Reached XP level 2. HP: 1/15 MP: 2/10
   114 | D        | Killed a yaktaur
   117 | D        | Killed a hellion
   123 | D        | Killed a hellion
   135 | D        | Killed a hellion
   138 | D        | Killed a hellion
   139 | D        | Killed a hellion
   175 | D        | Killed a white draconian scorcher
   234 | D        | Killed a white draconian scorcher
   380 | D        | Reached skill level 3 in Conjurations
   418 | D        | Reached skill level 5 in Conjurations
   418 | D        | Reached XP level 3. HP: 19/19 MP: 9/12
   466 | D        | Noticed Crazy Yiuf
   472 | D        | Learned a level 3 spell: Conjure Flame
   476 | D        | Learned a level 3 spell: Mephitic Cloud
   481 | D        | Learned a level 2 spell: Call Imp
   498 | D        | Killed Crazy Yiuf
   498 | D        | Reached skill level 7 in Conjurations
   654 | D        | Noticed a water elemental
   659 | D        | Killed a water elemental
   659 | D        | Reached skill level 9 in Conjurations
   659 | D        | Reached XP level 4. HP: 24/24 MP: 9/13
   691 | D        | Found a radiant altar of Vehumet.
   691 | D        | Found a deep blue altar of Sif Muna.
   691 | D        | Found an ancient bone altar of Kikubaaqudgha.
   691 | D        | Noticed a wizard
   697 | D        | Killed a wizard
   697 | D        | Reached skill level 10 in Conjurations
   697 | D        | Reached XP level 5. HP: 20/28 MP: 11/15
   705 | D        | Became a worshipper of Sif Muna the Loreminder
   783 | D        | Found a glowing silver altar of Zin.
   783 | D        | Found a glowing golden altar of the Shining One.
   783 | D        | Found a white marble altar of Elyvilon.
   783 | D        | Noticed a deep elf mage
   790 | D        | Killed a deep elf mage
   790 | D        | Reached * piety under Sif Muna
   790 | D        | Reached ** piety under Sif Muna
   790 | D        | Reached skill level 15 in Conjurations
   790 | D        | Reached XP level 6. HP: 32/32 MP: 4/16
   790 | D        | Reached XP level 7. HP: 36/36 MP: 4/17
   877 | D        | Found a hide-covered altar of Uskayaw.
   877 | D        | Found a roughly hewn altar of Beogh.
   877 | D        | Found an iron altar of Okawaru.
   877 | D        | Found a bloodstained altar of Trog.
   877 | D        | Found an ornate altar of the Wu Jian Council.
   877 | D        | Noticed a human
   877 | D        | Noticed a human
   884 | D        | Killed a human
   884 | D        | Reached *** piety under Sif Muna
   884 | D        | Reached skill level 16 in Conjurations
   892 | D        | Killed a human
   895 | D        | Killed a yaktaur
   972 | D        | Found a basalt altar of Yredelemnul.
   972 | D        | Found a shadowy altar of Dithmenos.
   972 | D        | Found a sacrificial altar of Ru.
   984 | D        | Reached **** piety under Sif Muna
   984 | D        | Reached skill level 17 in Conjurations
  1124 | D        | Noticed a shadow
  1148 | D        | Slain by a shadow

Vault maps used:
D:        dungeon_sprint_mu

Skill      XL: |  1  2  3  4  5  6  7 |
---------------+----------------------+-----
Spellcasting   | 5 |  5.8
Conjurations   | 2 5 9 10 15 17 | 17.1
Dodging        | |  2.9
Stealth        | |  2.7
Summonings     | |  1.1
Translocations | |  1.1

Action                   |  1- 3 |  4- 6 |  7- 9 || total
-------------------------+-------+-------+-------++-------
Melee: Unarmed           |    14 |       |       ||    14
       Quarterstaff      |       |     4 |     1 ||     5
 Cast: Magic Dart        |    26 |       |    34 ||    60
       Call Imp          |     3 |       |       ||     3
       Conjure Flame     |     1 |     3 |     5 ||     9
       Mephitic Cloud    |       |     3 |     2 ||     5
Invok: Channel Magic     |       |       |     1 ||     1
  Use: Potion            |     1 |       |       ||     1
 Stab: Confused          |       |     1 |       ||     1
  Eat: Chunk             |       |       |     1 ||     1
Armor: Robe              |     3 |       |       ||     3
Dodge: Dodged            |    16 |     1 |       ||    17

Table legend:
 A = Spawn XP
 B = Non-spawn XP
 C = Spawn XP percentage of total XP
 D = Spawn monster count
 E = Non-spawn monster count
 F = Spawn count percentage of total count
 G = Total turns spent on level
                    A         B        C        D         E        F      G
               +---------+---------+-------+---------+---------+-------+---------
         Total |       0 |    1351 |   0.0 |       0 |      15 |   0.0 |  1148
               +---------+---------+-------+---------+---------+-------+---------
             D |       0 |    1351 |   0.0 |       0 |      15 |   0.0 |  1148
               +---------+---------+-------+---------+---------+-------+---------
